 Dungeon Crawl Stone Soup version 0.20.1-1-g8b1a95d (webtiles) character file.

38 Mesmaeker13 the Changer (level 3, -2/19 HPs)
             Began as a Gargoyle Wanderer on Sept 6, 2017.
             Killed from afar by an orc wizard (9 damage)
             ... with a puff of frost
             ... on level 2 of the Dungeon.
             The game lasted 00:06:20 (3133 turns).

Mesmaeker13 the Changer (Gargoyle Wanderer)         Turns: 3133, Time: 00:06:20

Health: -2/19      AC:  6    Str: 12    XL:     3   Next: 43%
Magic:  6/6        EV: 10    Int: 14    God:
Gold:   121        SH:  0    Dex: 11    Spells: 4/6 levels left

rFire    . . .     SeeInvis .   m - +1 whip
rCold    . . .     Gourm    .   (no shield)
rNeg     + . .     Faith    .   t - -2 leather armour (curse)
rPois    ∞         Spirit   .   (no helmet)
rElec    +         Reflect  .   (no cloak)
rCorr    .         Harm     .   (no gloves)
MR       .....                  p - +1 pair of boots
Stlth    +.........             q - amulet of magic regeneration
Regen    0.1/turn               (no ring)
MPRegen  0.2/turn               (no ring)

@: hasted, very quick
A: negative energy resistance 1, electricity resistance, unbreathing,
petrification resistance, rot immunity, AC +3
a: no special abilities


You were on level 2 of the Dungeon.
You were not hungry.

You visited 1 branch of the dungeon, and saw 3 of its levels.

You collected 121 gold pieces.

Inventory:

Hand Weapons
 m - a +1 whip (weapon)
 u - a +3 dagger
Missiles
 i - 82 stones (quivered)
Armour
 c - a +0 robe
 h - a +0 buckler
 p - a +1 pair of boots (worn)
 t - a cursed -2 leather armour (worn)
Jewellery
 e - an uncursed ring of ice
 q - an amulet of magic regeneration (around neck)
Scrolls
 d - a scroll of blinking
 g - a scroll of immolation
 o - a scroll of teleportation
Potions
 l - a potion of ambrosia {unknown}
 s - a potion of haste
Books
 a - a book of Geomancy

   Spells                             Type                      Level
   a - Sandblast                      Earth                        1
   b - Passwall                       Transmutation/Earth          2
   c - Stone Arrow                    Conjuration/Earth            3
   d - Petrify                        Transmutation/Earth          4
   e - Lee's Rapid Deconstruction     Earth                        5
 b - the Tome of Fire

   Spells                             Type                      Level
   a - Flame Tongue                   Conjuration/Fire             1
   b - Conjure Flame                  Conjuration/Fire             3
Comestibles
 f - 5 bread rations
 j - a royal jelly
 k - 4 fruits
 n - 3 chunks of flesh


   Skills:
 - Level 1.1 Stealth
 - Level 2.0 Spellcasting
 + Level 1.6 Conjurations
   Level 1.0 Hexes
   Level 1.0 Charms
   Level 1.7 Translocations
   Level 2.4 Transmutations
 + Level 0.8 Fire Magic
 + Level 1.0 Earth Magic
   Level 1.0 Evocations


You had 4 spell levels left.
You knew the following spells:

 Your Spells              Type           Power        Failure   Level  Hunger
a - Sandblast             Erth           #.....       21%         1    ##.....
b - Flame Tongue          Conj/Fire      #....        19%         1    ##.....


Dungeon Overview and Level Annotations

Branches:
Dungeon (3/15)

Altars:
Nemelex Xobeh


Innate Abilities, Weirdness & Mutations

You are resistant to torment.
Your stone body is resilient. (AC +3)
You are immune to poison.
You resist negative energy. (rN+)
You are resistant to electric shocks. (rElec)
You can survive without breathing.
You are immune to petrification.
You are immune to rotting.


Message History

Confirm with . or Enter, or press ? or * to list all spells.
Aiming: Flame Tongue
Press: ? - help, Shift-Dir - straight line, f - orc wizard
Aim: an orc wizard, wielding a dagger and wearing a robe The flame tongue hits the orc wizard.
The orc wizard is moderately wounded.
An orc priest comes into view. It is wielding a hand axe.
The orc wizard casts a spell.
The orc wizard seems to speed up.
There is a stone staircase leading up here.
The orc wizard barely misses you.
The orc priest mumbles some strange prayers to Beogh against you.
Beogh smites you! The orc wizard hits you with a dagger.
You climb upwards.
There is a stone staircase leading down here.
It was a potion of haste.
You feel yourself speed up. The orc wizard casts a spell at you.
The puff of frost hits you!
You die...

....# #......#.#
#.............
###.#####......#.#
#######.#.....
#............#.#
#.####.#
#######......#.# #.#
#.# #.......#.# #.#
#.# #.###.###.# #.#
#.# #.# #.#
#.#########.####.# #.#
#.###............##...
#.#
#...)@................
#.#
#####o.########..##...
#.# #..# #..#.#.# #.#
#..########......# #.#
#........##..#.### #.#
##.#####.##....... #.#
#.# #.##..#.### #.###
#.# #.#⌠.⌠#.### #...#
#.#####..._......


You could see an orc wizard.

Vanquished Creatures
  3 dart slugs (D:1)
  A leopard gecko (D:2)
  4 bats
  4 giant cockroaches
  5 goblins
  3 hobgoblins
  2 kobolds (D:1)
  A quokka (D:2)
  2 frilled lizards
  3 rats (D:1)
28 creatures vanquished.

Notes
Turn   | Place    | Note
-------+----------+-------------------------------------------
     0 | D:1      | Mesmaeker13 the Gargoyle Wanderer began the quest for the Orb.
     0 | D:1      | Mesmaeker13 set off with: a book of Geomancy, the Tome of Fire, a +0 robe, a +0 club, a bread ration
     0 | D:1      | Reached XP level 1. HP: 10/10 MP: 2/2
     0 | D:1      | Identified the Tome of Fire
     2 | D:1      | Learned a level 1 spell: Sandblast
   223 | D:1      | Learned a level 1 spell: Flame Tongue
   610 | D:1      | Reached XP level 2. HP: 12/15 MP: 0/4
   754 | D:1      | Reached skill level 1 in Conjurations
  1897 | D:1      | Reached XP level 3. HP: 19/19 MP: 3/5
  2313 | D:2      | Found a sparkling altar of Nemelex Xobeh.
  2984 | D:3      | Reached skill level 1 in Earth Magic
  3133 | D:2      | Killed from afar by an orc wizard

Skill      XL: |  1  2  3 |
---------------+----------+-----
Conjurations   | 1 |  1.6
Spellcasting   | 2 |  2.0
Earth Magic    | 1 |  1.0
Stealth        | |  1.1
Hexes          | |  1.0
Charms         | |  1.0
Translocations | |  1.7
Transmutations | |  2.4
Fire Magic     | |  0.8
Evocations     | |  1.0

Action                   || total
-------------------------++-------
Melee: Club              ||    17
       Whip              ||    34
       Quarterstaff      ||     7
 Cast: Flame Tongue      ||    54
       Sandblast         ||     1
  Use: Scroll            ||     7
       Potion            ||     1
  Eat: Chunk             ||     8
Armor: Robe              ||    22
       Leather armour    ||    22
Dodge: Dodged            ||    44
